 Dungeon Crawl Stone Soup version 0.18.1-6-gd335043 (webtiles) character file.

494 zeroDi the Sneak (level 7, 0/34 HPs)
             Began as a Vine Stalker Assassin on May 20, 2016.
             Slain by a worker ant (5 damage)
             ... on level 6 of the Dungeon.
             The game lasted 00:10:19 (3268 turns).

zeroDi the Sneak (Vine Stalker Assassin)            Turns: 3268, Time: 00:10:20

Health: 0/34       AC:  6    Str: 14    XL:     7   Next: 15%
Magic:  0/8        EV: 11    Int: 16    God:
Gold:   166        SH:  2    Dex: 17    Spells: 0 memorised, 6 levels left

rFire  . . .     SeeInvis .     a - +2 dagger
rCold  . . .     Gourm    .     c - +0 robe
rNeg   . . .     Faith    .     (no shield)
rPois  +         Spirit   +     (no helmet)
rElec  .         Dismiss  .     F - +2 cloak
rCorr  .         Reflect  +     (no gloves)
SustAt .         Harm     .     (no boots)
MR     .....                    A - +2 amulet of reflection
Stlth  ++++......               (no ring)
                                k - ring "Jeon" {rPois Int+5}

@: not resistant to hostile enchantments, stealthy
A: fangs 2, icy blue scales 1, regeneration 2, magic shield, antimagic bite, no
device heal 3, rot immunity
a: no special abilities


You were on level 6 of the Dungeon.
You were not hungry.

You visited 1 branch of the dungeon, and saw 6 of its levels.

You collected 166 gold pieces.


Innate Abilities, Weirdness & Mutations

You have extremely sharp teeth.
You heal very quickly.
When hurt, damage is shared between your health and your magic reserves.
Your bite disrupts and absorbs the magic of your enemies.
Potions and wands cannot restore your health.
You are immune to rotting.
You are partially covered in icy blue scales (AC +1).


   Skills:
 - Level 1.7 Fighting
 - Level 5.8 Short Blades
 - Level 1.7 Throwing
 - Level 0.7 Dodging
 * Level 7.1 Stealth


You had 6 spell levels left.
You didn't know any spells.

Inventory:

Hand Weapons
 a - a +2 dagger (weapon)
 b - a +0 blowgun
 w - a +4 great mace
Missiles
 f - 2 curare-tipped needles {=f}
Armour
 c - a +0 robe (worn)
 d - a +1 cloak
 F - a +2 cloak (worn)
Jewellery
 i - an uncursed amulet of faith {unknown}
 k - the ring "Jeon" (left hand) {rPois Int+5}
   (You found it on level 4 of the Dungeon)

   [ring of poison resistance]

   It affects your intelligence (+5).
   It protects you from poison.
 s - an uncursed ring of protection from cold {unknown}
 A - a +2 amulet of reflection (around neck)
Wands
 t - a wand of enslavement (18/24)
Scrolls
 h - 3 scrolls of enchant armour
 o - a scroll of enchant weapon
 q - a scroll of recharging
 r - 2 scrolls of remove curse
 v - a scroll of identify {@r1}
Potions
 j - a potion of berserk rage {!q}
 l - a potion of invisibility
 n - 3 potions of curing {@q1}
 u - a potion of heal wounds {unknown}
 z - 2 potions of haste {@q3}
 B - a potion of magic
 C - a potion of resistance
Comestibles
 g - 2 bread rations
 m - a royal jelly
 p - 3 meat rations
 x - a beef jerky
 K - 2 fruits

Dungeon Overview and Level Annotations

Branches:
Dungeon (6/15)
 Temple: D:4-7

Altars:
Makhleb
Nemelex Xobeh
Qazlal
Ru

Annotations:
D:3 Grinder

###
..#
#.#
#)#
#@#
#a#
#..
..##
.##
..
#.
#.


You could see a worker ant.


Message History

The orc is heavily wounded.
The worker ant bites you.
* * * LOW HITPOINT WARNING * * *
You are poisoned.
The worker ant poisons you! The orc hits you but does no damage.
You barely miss the orc. Your bite misses the orc.
The orc is heavily wounded.
You feel sick. The worker ant bites you.
* * * LOW HITPOINT WARNING * * *
You hit the orc. Your bite misses the orc.
The orc is almost dead.
You block the orc's attack. The worker ant bites you.
* * * LOW HITPOINT WARNING * * *
You hit the orc.
You kill the orc!
You feel sick. The worker ant bites you.
* * * LOW HITPOINT WARNING * * *
Drink which item? (? for menu, Esc to quit)
You feel better. The worker ant bites you!
You die...

Action                   |  1- 3 |  4- 6 |  7- 9 || total
-------------------------+-------+-------+-------++-------
Melee: Dagger            |   123 |    12 |    14 ||   149
       Bite              |    29 |    32 |     3 ||    64
       Great mace        |       |   130 |     8 ||   138
 Fire: Blowgun           |       |       |    11 ||    11
  Use: Scroll            |       |    23 |     1 ||    24
       Potion            |       |     2 |     1 ||     3
 Stab: Sleeping          |     5 |    12 |     1 ||    18
  Eat: Chunk             |     1 |     3 |       ||     4
       Pizza             |       |     2 |     1 ||     3
Armor: Robe              |    46 |    61 |     5 ||   112
Dodge: Dodged            |    77 |   111 |    16 ||   204
Block: Other             |       |     2 |     1 ||     3

Vault maps used:
D:1:      dpeg_arrival_rooms_c, glass_columns_a
D:2:      kennysheep_six_static_rooms, gammafunk_temple_overflow_wave,
          minmay_misc_feat_chi
D:3:      kennysheep_small_spiral, grunt_ministairs_12,
          makhleb_heckhound_becter, uniq_iyjb, uniq_crazy_yiuf_cottage,
          uniq_grinder, uniq_natasha
D:4:      nemelex_diamond_rough_becter
D:5:      minmay_temple_entry_overgrown, first_bread, lexackson_kobold_supper,
          uniq_blork_the_orc
D:6:      serial_shops, nicolae_shop_trees, lemuel_old_faithful, uniq_edmund

Notes
Turn   | Place    | Note
--------------------------------------------------------------
     0 | D:1      | zeroDi the Vine Stalker Assassin began the quest for the Orb.
     0 | D:1      | Reached XP level 1. HP: 11/11 MP: 2/2
    19 | D:1      | Reached skill level 2 in Short Blades
   154 | D:1      | Reached XP level 2. HP: 10/15 MP: 1/3
   408 | D:1      | Reached skill level 3 in Short Blades
   412 | D:1      | Reached XP level 3. HP: 18/18 MP: 4/4
  1100 | D:2      | Reached XP level 4. HP: 20/23 MP: 5/5
  1247 | D:2      | Reached skill level 4 in Short Blades
  1430 | D:2      | Found a sacrificial altar of Ru.
  1430 | D:2      | Found a stormy altar of Qazlal.
  1450 | D:3      | Noticed Natasha
  1452 | D:3      | Killed Natasha
  1452 | D:3      | Reached XP level 5. HP: 26/26 MP: 6/6
  1531 | D:3      | Noticed Crazy Yiuf
  1535 | D:3      | Killed Crazy Yiuf
  1646 | D:3      | Noticed Natasha
  1659 | D:3      | Killed Natasha
  1659 | D:3      | Reached skill level 5 in Short Blades
  1721 | D:3      | Found a burning altar of Makhleb.
  1782 | D:3      | Noticed Ijyb
  1805 | D:3      | Gained mutation: You heal very quickly. [Vine Stalker growth]
  1805 | D:3      | Reached XP level 6. HP: 14/30 MP: 7/7
  1816 | D:3      | Killed Ijyb
  1997 | D:3      | Noticed Grinder
  2001 | D:3      | Paralysed by Grinder for 5 turns
  2373 | D:2      | Identified a potion of resistance
  2381 | D:2      | Gained mutation: You are frail (-10% HP). [potion of mutation]
  2381 | D:2      | Gained mutation: You are partially covered in icy blue scales (AC +1). [potion of mutation]
  2381 | D:2      | Gained mutation: Armour fits poorly on your strangely shaped body. [potion of mutation]
  2382 | D:2      | Lost mutation: You are frail (-10% HP). [potion of cure mutation]
  2382 | D:2      | Lost mutation: Armour fits poorly on your strangely shaped body. [potion of cure mutation]
  2520 | D:4      | Reached skill level 5 in Stealth
  2588 | D:4      | Got a warped brass ring
  2749 | D:4      | Found a sparkling altar of Nemelex Xobeh.
  2805 | D:4      | Identified the ring "Jeon" {rPois Int+5} (You found it on level 4 of the Dungeon)
  2935 | D:4      | Reached skill level 6 in Stealth
  3027 | D:5      | Entered Level 5 of the Dungeon
  3028 | D:5      | Noticed Blork the orc
  3040 | D:5      | HP: 2/30 [Blork the orc/puff of frost (3)]
  3100 | D:5      | Killed Blork the orc
  3100 | D:5      | Reached XP level 7. HP: 27/34 MP: 6/8
  3228 | D:5      | Reached skill level 7 in Stealth
  3268 | D:6      | Slain by a worker ant

Vanquished Creatures
  Blork the orc (D:5)
  A scorpion (D:4)
  A hound (D:3)
  Crazy Yiuf (D:3)
  A centaur skeleton (D:4)
  An iguana (D:5)
  Ijyb (D:3)
  Natasha (twice) (D:3)
  An orc wizard (D:4)
  5 adders
  An adder zombie (D:5)
  2 worms
  2 dart slugs
  5 giant geckos
  9 orcs
  5 giant cockroaches
  7 goblins
  8 hobgoblins
  11 jackals
  2 quokkas (D:2)
  10 bats
  8 giant newts
  7 kobolds
  9 rats
101 creatures vanquished.
